 Dungeon Crawl Stone Soup version 0.28.0-53-g5a82cb258f (webtiles) character file.

Game seed: 5468489003863690528

184 Gabide the Slasher (level 5, 0/43 HPs)
             Began as a Barachi Monk on Aug 23, 2022.
             Slain by Blork the orc
             ... wielding a +0 halberd of protection
              (8 damage)
             ... on level 5 of the Dungeon.
             The game lasted 00:07:40 (3030 turns).

Gabide the Slasher (Barachi Monk)                   Turns: 3030, Time: 00:07:41

Health: 0/43       AC:  9    Str: 13    XL:     5   Next: 63%
Magic:  5/5        EV: 12    Int: 10    God:
Gold:   64         SH:  0    Dex: 16    Spells: 4/4 levels left

rFire   . . .      SeeInvis .   a - +3 falchion
rCold   . . .      Faith    .   (no shield)
rNeg    . . .      Spirit   .   h - +1 ring mail
rPois   .          Reflect  .   (no helmet)
rElec   .          Harm     .   f - +2 cloak
rCorr   .          Rampage  .   (no gloves)
Will    .....                   (no boots)
Stlth   +.........              (no amulet)
HPRegen 0.14/turn               (no ring)
MPRegen 0.09/turn               (no ring)

@: unable to hop, slow
A: amphibious, slowness 1, strong legs 1, +LOS
a: Hop


You were on level 5 of the Dungeon.
You visited 1 branch of the dungeon, and saw 4 of its levels.

You collected 64 gold pieces.

Inventory:

Hand Weapons
 a - a +3 falchion (weapon)
Missiles
 g - 3 boomerangs
 k - 6 javelins
Armour
 f - a +2 cloak (worn)
 h - a +1 ring mail (worn)
Wands
 e - a wand of acid (11)
Scrolls
 j - a scroll of fog {unknown}
Potions
 d - a potion of curing


   Skills:
 + Level 4.6 Fighting
 + Level 4.6 Long Blades
 * Level 2.8 Armour
 + Level 4.6 Dodging
 - Level 2.0 Stealth


You had 4 spell levels left.
You didn't know any spells.
Your spell library contained the following spells:

 Spells                   Type           Power      Damage    Failure   Level
 Frozen Ramparts          Ice            0%         1d2       93%         3
 Ozocubu's Armour         Ice            0%         N/A       93%         3
 Ice Form                 Ice/Tmut       0%         N/A       100%        4
 Summon Ice Beast         Ice/Summ       0%         N/A       100%        4
 Ozocubu's Refrigeration  Ice            0%         4d5       100%        7


Dungeon Overview and Level Annotations

Branches:
Dungeon (3/15)

Altars:
Makhleb

Annotations:
D:5 Blork the orc


Innate Abilities, Weirdness & Mutations

You are amphibious.
You cover ground slowly.
You can hop short distances.
You have an extended range of vision and can be seen from far away.


Message History

You hit Blork the orc but do no damage.
Blork the orc is lightly wounded.
Blork the orc hits you with a +0 halberd of protection.
You slash Blork the orc!
Blork the orc is moderately wounded.
Blork the orc barely misses you.
Blork the orc hits you with a +0 halberd of protection.
You slash Blork the orc!
Blork the orc is severely wounded.
Blork the orc barely misses you.
Blork the orc hits you but does no damage.
You completely miss Blork the orc.
Blork the orc is severely wounded.
Blork the orc points at you and mumbles some strange words.
The puff of frost hits you!
You are too injured to fight recklessly!
You are too injured to fight recklessly!
You are too injured to fight recklessly!
You are too injured to fight recklessly!
You are too injured to fight recklessly!
You are too injured to fight recklessly!
You are too injured to fight recklessly!
You are too injured to fight recklessly!
You are too injured to fight recklessly!
You are too injured to fight recklessly!
You are too injured to fight recklessly!
As you read the scroll labelled LOAKOUGOMU, it crumbles to dust.
It is a scroll of enchant armour.
Your +0 ring mail glows green for a moment.
Blork the orc closely misses you.
Blork the orc hits you with a +0 halberd of protection.
* * * LOW HITPOINT WARNING * * *
You hit Blork the orc.
Blork the orc is severely wounded.
Blork the orc hits you but does no damage.
Blork the orc looks braver for a moment.
You hit Blork the orc but do no damage. Your punch misses Blork the orc.
Blork the orc is severely wounded.
Blork the orc hits you with a +0 halberd of protection!
You die...

####
...####
#....##
#..o..##
#...@..#
#......#
#......#
#......#
#......#
..........#
.........##
.##.....##
#######


You could see Blork the orc (fast).

Vanquished Creatures
  An orc priest (D:2)
  3 orc wizards
  3 dart slugs (D:1)
  9 orcs
  6 bats
  6 endoplasms
  5 giant cockroaches
  3 goblins
  3 hobgoblins
  2 jackals (D:3)
  3 quokkas
  7 ball pythons
  4 frilled lizards
  6 kobolds
  4 rats
65 creatures vanquished.

Notes
Turn   | Place    | Note
-------+----------+-------------------------------------------
     0 | D:1      | Gabide the Barachi Monk began the quest for the Orb.
     0 | D:1      | Reached XP level 1. HP: 18/18 MP: 1/1
   103 | D:1      | Reached XP level 2. HP: 25/25 MP: 2/2
   725 | D:1      | Found a faded altar of an unknown god.
   811 | D:1      | Reached XP level 3. HP: 25/30 MP: 3/3
  1951 | D:3      | Found a burning altar of Makhleb.
  2162 | D:2      | Reached skill level 1 in Armour
  2162 | D:2      | Reached XP level 4. HP: 25/37 MP: 4/4
  2521 | D:2      | Reached XP level 5. HP: 31/43 MP: 5/5
  3015 | D:3      | You fall into a shaft and drop 2 floors!
  3015 | D:5      | Entered Level 5 of the Dungeon
  3015 | D:5      | Noticed Blork the orc
  3030 | D:5      | Slain by Blork the orc

Illustrated notes

Levels and vault maps discovered:
D:1:      mrwooster_arrival_arrow, layout_basic,
          ebering_ecumenical_altar_abandoned, minmay_cupped
D:2:      layout_basic
D:3:      layout_loops_cross, bloody_makhleb
D:5:      layout_rooms, mainiacjoe_overflow_chevrons,
          nicolae_gozag_cash_rules_everything_around_me, serial_shops,
          nicolae_shop_bloodbath_and_beyond, kennysheep_generic_room_14,
          uniq_blork_the_orc, uniq_sigmund

Skill      XL: |  1  2  3  4 |
---------------+-------------+-----
Stealth        | 2 |  2.0
Fighting       | 4 |  4.6
Long Blades    | 4 |  4.6
Dodging        | 4 |  4.6
Armour         | 1 2 |  2.8

Action                   |  1- 3 |  4- 6 || total
-------------------------+-------+-------++-------
Melee: Falchion          |   128 |   108 ||   236
       Punch             |       |     1 ||     1
 Abil: Hop               |       |     4 ||     4
  Use: Scroll            |     5 |     3 ||     8
       Potion            |     1 |       ||     1
 Stab: Sleeping          |     3 |       ||     3
Armor: Robe              |    26 |       ||    26
       Ring mail         |    15 |    53 ||    68
Dodge: Dodged            |    94 |    96 ||   190
